Capitals vs Islanders

Created - Friday, February 19, 2016 at 03:00

Goals
1 2 3 T
Capitals 0 0 2 2
Islanders 1 1 2 4
Shots
1 2 3 T
Capitals 4 3 11 18
Islanders 21 15 7 43

1st period

1. Islanders , Jamie Benn 58 (Brandon Pirri) at 8:56

Penalties :
Dalton Prout (NYI) for Holding (Minor) at 6:39, Eric O'Dell (Was) for Interference (Minor) at 9:40

2nd period

2. Islanders , Lauri Korpikoski 5 (Rob Scuderi, Alexei Emelin) at 6:48

Penalties :
Mark Cundari (Was) for Tripping (Minor) at 4:12, Alexei Emelin (NYI) for Holding (Minor) at 13:39, Eric O'Dell (Was) for High sticking (Minor) at 17:41

3rd period

3. Islanders , Joe Pavelski 35 (Erik Karlsson) at 4:44 (PP)
4. Capitals , Erik Condra 5 (Eric Gelinas) at 12:52
5. Islanders , Jamie Benn 59 (David Krejci) at 15:37
6. Capitals , Eric Gelinas 8 (Eric O'Dell) at 18:05 (PP)

Penalties :
Alexei Emelin (NYI) for Fighting (Major) at 1:51, Brett Sutter (Was) for Fighting (Major) at 1:51, Greg Miller (Was) for Holding (Minor) at 3:17, Eric Gelinas (Was) for Roughing (Minor) at 3:39, Mark Cundari (Was) for Holding (Minor) at 13:37, Brandon Pirri (NYI) for Interference (Minor) at 17:32

Goalie Stats

Marc-Andre Fleury (Was), 39 saves from 43 shots - (0.907), L, 18-27-5, 60:00 minutes
Braden Holtby (NYI), 16 saves from 18 shots - (0.889), W, 39-10-3, 60:00 minutes

Players Stats for Capitals

Player Name              G  A  P  +/- PIM S  H  SB GA TA FO     MP     PP MP  PK MP  
------------------------------------------------------------------------------------
Brad Mills               0  0  0   0  0   0  1  1  0  1  0/0    18:43   2:18   0:14 
Brett Sutter             0  0  0  -2  5   0  2  1  3  0  0/0    19:08   2:18   1:36 
Chad LaRose              0  0  0   0  0   1  0  0  0  0  0/0     8:22   2:13   0:00 
Damon Severson           0  0  0  -1  0   0  0  4  2  3  0/0    18:39   2:13   6:10 
David Dziurzynski        0  0  0   1  0   0  0  0  0  0  3/6    14:46   0:00   3:45 
Eric Gelinas             1  1  2  -1  2   5  2  2  2  4  0/0    27:08   2:46   5:18 
Eric O'Dell              0  1  1  -2  4   3  3  0  1  1  5/15   20:10   2:18   0:51 
Erik Condra              1  0  1   1  0   2  0  2  2  1  1/12   24:41   1:39   7:32 
Greg Miller              0  0  0  -1  2   0  0  0  0  2  5/12   11:31   0:00   0:00 
Kevin Henderson          0  0  0  -1  0   0  1  0  0  0  0/1    11:55   0:00   0:00 
Kyle Cumiskey            0  0  0  -1  0   1  2  0  0  2  0/0    14:03   0:33   0:00 
Luke Adam                0  0  0   1  0   1  0  0  1  0  1/5    11:06   0:34   0:00 
Mark Arcobello           0  0  0  -1  0   2  1  2  1  2  2/7    23:41   1:39   5:31 
Mark Cundari             0  0  0  -2  4   2  1  1  0  1  0/0    21:03   1:45   2:08 
Maxim Noreau             0  0  0   0  0   1  0  0  0  3  0/0    14:11   0:00   3:39 
Philip Samuelsson        0  0  0   0  0   0  0  1  0  2  0/0    21:26   1:45   3:07 
Shawn O'Donnell          0  0  0   0  0   0  1  0  0  0  0/1     3:16   0:34   0:00 
Steve Oleksy             0  0  0  -1  0   0  0  0  0  0  0/0     4:37   0:00   0:11 

Players Stats for Islanders

Player Name              G  A  P  +/- PIM S  H  SB GA TA FO     MP     PP MP  PK MP  
------------------------------------------------------------------------------------
Alexei Emelin            0  1  1   0  7   0  4  3  0  0  0/0    13:15   0:00   1:17 
Brandon Pirri            0  1  1   2  2   1  0  0  3  0  0/0    19:17   5:53   0:00 
Carl Hagelin             0  0  0   0  0   3  1  1  0  0  0/0    17:47   4:24   1:10 
Dalton Prout             0  0  0   0  2   2  0  0  1  1  0/0    14:40   0:00   0:00 
David Krejci             0  1  1   2  0   2  0  0  3  0  15/22  19:18   5:53   0:00 
Dustin Brown             0  0  0   1  0   1  1  0  0  0  0/0    18:25   7:08   0:28 
Erik Karlsson            0  1  1   1  0   5  3  1  0  1  0/0    27:33  10:14   0:00 
Frans Nielsen            0  0  0   0  0   3  0  0  4  0  5/7    10:58   0:00   0:42 
Jamie Benn               2  0  2   2  0   5  2  0  4  0  1/2    19:18   5:53   0:00 
Joe Pavelski             1  0  1   0  0   6  1  1  5  1  14/16  16:14   4:24   0:00 
Kevin Klein              0  0  0   1  0   3  0  2  0  1  0/0    15:53   0:00   2:13 
Lauri Korpikoski         1  0  1   0  0   3  1  0  3  1  0/0    12:38   0:00   3:21 
Marian Hossa             0  0  0   0  0   2  1  0  5  0  1/1    16:14   4:24   0:00 
Olli Maatta              0  0  0   1  0   3  1  2  0  0  0/0    19:04   0:03   2:46 
Patrik Berglund          0  0  0   0  0   1  0  0  4  0  1/1     9:17   0:00   0:00 
Paul Gaustad             0  0  0   0  0   1  1  1  0  0  4/8    12:38   0:00   3:21 
Rob Scuderi              0  1  1   0  0   0  0  3  1  0  0/0    18:20   0:00   2:46 
Tyler Ennis              0  0  0   0  0   2  0  0  3  0  1/2    14:31   3:09   0:00 

3 Stars

1 - Jamie Benn (NYI)
2 - Erik Condra (Was)
3 - Eric Gelinas (Was)

Power Play

Capitals - 1 on 3 Attempt(s) - 33.33%
Islanders - 1 on 6 Attempt(s) - 16.67%

Penalty Kill

Capitals - 5 on 6 Attempt(s) - 83.33% - Score 0 goal in Penalty Kill
Islanders - 2 on 3 Attempt(s) - 66.67% - Score 0 goal in Penalty Kill

Team Stat

Capitals - Hits : 14 - Faceoff Wins : 17 - Blocked Shots : 14 - Penalty Minutes : 17
Islanders - Hits : 16 - Faceoff Wins : 42 - Blocked Shots : 14 - Penalty Minutes : 11

Official

Referees : Unknown
Linesman : Unknown

Game Notes

17:57 of 2nd period - Islanders goal is going for a video replay. After video review, No Goal. The puck has been directed, batted or thrown into the net by an attacking player other than with a stick.
Alexei Emelin and Brett Sutter fight to a draw at 1:51 of 3rd period
Damon Severson is injured at 9:23 of 3rd period (Lower Body)

Finance

Level 1 -- Attendance: 4185 (69.75%) -- Ticket Income $418,500
Level 2 -- Attendance: 3308 (66.16%) -- Ticket Income $215,020
Level 3 -- Attendance: 1260 (63.00%) -- Ticket Income $56,700
Level 4 -- Attendance: 2520 (63.00%) -- Ticket Income $75,600
Luxury Box -- Attendance: 746 (74.60%) -- Ticket Income $149,200
Game was played at the Nassau Coliseum.
Total Attendance: 12019 (66.77%)
Total Ticket Income: $915,020
Other Income: $448,360
Total Income: $1,363,380

Capitals

5 vs 5 Forward 
   Center                   Left Wing                Right Wing               Time % Phy DF OF 
 1 Mark Arcobello           Erik Condra              Chad LaRose              35     1   2  2  
 2 Eric O'Dell              Brett Sutter             Brad Mills               30     1   2  2  
 3 Luke Adam                David Dziurzynski        Erik Condra              22     1   2  2  
 4 Greg Miller              Kevin Henderson          Mark Arcobello           13     1   2  2  

5 vs 5 Defense 
   Defense                  Defense                                           Time % Phy DF OF 
 1 Eric Gelinas             Damon Severson                                    35     1   2  2  
 2 Philip Samuelsson        Mark Cundari                                      30     1   2  2  
 3 Kyle Cumiskey            Maxim Noreau                                      22     1   2  2  
 4 Steve Oleksy             Eric Gelinas                                      13     1   2  2  

PowerPlay Forward 
   Center                   Left Wing                Right Wing               Time % Phy DF OF 
 1 Mark Arcobello           Erik Condra              Chad LaRose              60     1   2  2  
 2 Eric O'Dell              Brett Sutter             Brad Mills               40     1   2  2  

PowerPlay Defense
   Defense                  Defense                                           Time % Phy DF OF 
 1 Eric Gelinas             Damon Severson                                    60     1   2  2  
 2 Philip Samuelsson        Mark Cundari                                      40     1   2  2  

Penalty Kill 4 Players Forward 
   Center                   Wing                     Time % Phy DF OF 
 1 Erik Condra              Mark Arcobello           60     1   2  2  
 2 Eric O'Dell              Brett Sutter             40     1   2  2  

Penalty Kill 4 Players Defense
   Defense                  Defense                  Time % Phy DF OF 
 1 Eric Gelinas             Damon Severson           60     1   2  2  
 2 Philip Samuelsson        Mark Cundari             40     1   2  2  

Penalty Kill - 3 Players Forward 
   Forward                                           Time % Phy DF OF 
 1 Erik Condra                                       60     1   2  2  
 2 Mark Arcobello                                    40     1   2  2  

Penalty Kill - 3 Players Defense
   Defense                  Defense                  Time % Phy DF OF 
 1 Eric Gelinas             Damon Severson           60     1   2  2  
 2 Philip Samuelsson        Mark Cundari             40     1   2  2  

4 vs 4 Forward 
   Center                   Wing                     Time % Phy DF OF 
 1 Erik Condra              Mark Arcobello           60     1   2  2  
 2 Eric O'Dell              Brett Sutter             40     1   2  2  

4 vs 4 Defense
   Defense                  Defense                  Time % Phy DF OF 
 1 Eric Gelinas             Damon Severson           60     1   2  2  
 2 Philip Samuelsson        Mark Cundari             40     1   2  2  

Last Minutes Offensive
   Center                   Left Wing                Right Wing               Defense                  Defense                  
   Mark Arcobello           Erik Condra              Chad LaRose              Eric Gelinas             Damon Severson           

Last Minutes Defensive
   Center                   Left Wing                Right Wing               Defense                  Defense                  
   Mark Arcobello           Erik Condra              Chad LaRose              Eric Gelinas             Damon Severson           

Goaltenders
Starting : Marc-Andre Fleury        
Backup : Sami Aittokallio         

Extra Forwards
Normal : Shawn O'Donnell, Luke Adam, David Dziurzynski - PP : Shawn O'Donnell, Luke Adam - PK : David Dziurzynski
Extra Defensemen
Normal : Kyle Cumiskey, Maxim Noreau, Steve Oleksy - PP : Kyle Cumiskey - PK : Maxim Noreau, Steve Oleksy
Penalty Shots
Erik Condra, Mark Arcobello, Eric O'Dell, Brett Sutter, Luke Adam

Islanders

5 vs 5 Forward 
   Center                   Left Wing                Right Wing               Time % Phy DF OF 
 1 David Krejci             Jamie Benn               Brandon Pirri            32     1   2  2  
 2 Joe Pavelski             Carl Hagelin             Marian Hossa             27     1   2  2  
 3 Frans Nielsen            Dustin Brown             Tyler Ennis              23     1   2  2  
 4 Paul Gaustad             Lauri Korpikoski         Patrik Berglund          18     1   2  2  

5 vs 5 Defense 
   Defense                  Defense                                           Time % Phy DF OF 
 1 Erik Karlsson            Kevin Klein                                       33     1   2  2  
 2 Dalton Prout             Olli Maatta                                       30     1   2  2  
 3 Alexei Emelin            Rob Scuderi                                       24     1   2  2  
 4 Erik Karlsson            Rob Scuderi                                       13     1   2  2  

PowerPlay Forward 
   Center                   Left Wing                Right Wing               Time % Phy DF OF 
 1 David Krejci             Jamie Benn               Brandon Pirri            57     1   2  2  
 2 Joe Pavelski             Carl Hagelin             Marian Hossa             43     1   2  2  

PowerPlay Defense
   Defense                  Defense                                           Time % Phy DF OF 
 1 Erik Karlsson            Dustin Brown                                      60     1   2  2  
 2 Erik Karlsson            Tyler Ennis                                       40     1   2  2  

Penalty Kill 4 Players Forward 
   Center                   Wing                     Time % Phy DF OF 
 1 Paul Gaustad             Lauri Korpikoski         60     1   2  2  
 2 Frans Nielsen            Carl Hagelin             40     1   2  2  

Penalty Kill 4 Players Defense
   Defense                  Defense                  Time % Phy DF OF 
 1 Kevin Klein              Rob Scuderi              50     1   2  2  
 2 Olli Maatta              Alexei Emelin            50     1   2  2  

Penalty Kill - 3 Players Forward 
   Forward                                           Time % Phy DF OF 
 1 Paul Gaustad                                      60     1   2  2  
 2 Frans Nielsen                                     40     1   2  2  

Penalty Kill - 3 Players Defense
   Defense                  Defense                  Time % Phy DF OF 
 1 Rob Scuderi              Kevin Klein              50     1   2  2  
 2 Dalton Prout             Alexei Emelin            50     1   2  2  

4 vs 4 Forward 
   Center                   Wing                     Time % Phy DF OF 
 1 David Krejci             Jamie Benn               60     1   2  2  
 2 Joe Pavelski             Marian Hossa             40     1   2  2  

4 vs 4 Defense
   Defense                  Defense                  Time % Phy DF OF 
 1 Erik Karlsson            Dalton Prout             60     1   2  2  
 2 Olli Maatta              Kevin Klein              40     1   2  2  

Last Minutes Offensive
   Center                   Left Wing                Right Wing               Defense                  Defense                  
   Joe Pavelski             Jamie Benn               Brandon Pirri            Erik Karlsson            Olli Maatta              

Last Minutes Defensive
   Center                   Left Wing                Right Wing               Defense                  Defense                  
   Paul Gaustad             Joe Pavelski             Lauri Korpikoski         Olli Maatta              Dalton Prout             

Goaltenders
Starting : Braden Holtby            
Backup : Andrew Hammond           

Extra Forwards
Normal : Jamie Benn, Joe Pavelski, Dustin Brown - PP : David Krejci, Jamie Benn - PK : Carl Hagelin
Extra Defensemen
Normal : Erik Karlsson, Olli Maatta, Rob Scuderi - PP : Erik Karlsson - PK : Rob Scuderi, Olli Maatta
Penalty Shots
Joe Pavelski, Frans Nielsen, Tyler Ennis, Jamie Benn, Dustin Brown

% Time on Ice - Capitals

Lines # - Real PCT - Wanted PCT - Time Play
Normal Forward
1 - 14% - 35% - 6:14
2 - 38% - 30% - 16:58
3 - 23% - 22% - 10:27
4 - 26% - 13% - 11:33
Normal Defense
1 - 32% - 35% - 14:27
2 - 37% - 30% - 16:34
3 - 22% - 22% - 9:46
4 - 10% - 13% - 4:25
PP Forward
1 - 49% - 60% - 2:13
2 - 51% - 40% - 2:18
PP Defense
1 - 61% - 60% - 2:46
2 - 39% - 40% - 1:45
PK Forward
1 - 81% - 60% - 7:26
2 - 19% - 40% - 1:46
PK Defense
1 - 68% - 60% - 6:13
2 - 32% - 40% - 2:59
PK3 Forward
1 - 100% - 60% - 1:05
2 - 0% - 40% - 0:00
PK3 Defense
1 - 88% - 60% - 0:57
2 - 12% - 40% - 0:08
44 Forward
1 - 0% - 60%
2 - 0% - 40%
44 Defense
1 - 0% - 60%
2 - 0% - 40%
Last Minute Offensive  - 0:00
Last Minute Defensive  - 0:00
Total
Forward - 60:00
Defense - 60:00

% Time on Ice - Islanders

Lines # - Real PCT - Wanted PCT - Time Play
Normal Forward
1 - 31% - 32% - 13:48
2 - 26% - 27% - 11:51
3 - 23% - 23% - 10:16
4 - 21% - 18% - 9:17
Normal Defense
1 - 31% - 33% - 13:50
2 - 35% - 30% - 15:47
3 - 29% - 24% - 13:11
4 - 5% - 13% - 2:24
PP Forward
1 - 57% - 57% - 5:53
2 - 43% - 43% - 4:24
PP Defense
1 - 69% - 60% - 7:08
2 - 31% - 40% - 3:09
PK Forward
1 - 85% - 60% - 3:49
2 - 15% - 40% - 0:42
PK Defense
1 - 39% - 50% - 1:45
2 - 61% - 50% - 2:46
PK3 Forward
1 - 0% - 60%
2 - 0% - 40%
PK3 Defense
1 - 0% - 50%
2 - 0% - 50%
44 Forward
1 - 0% - 60%
2 - 0% - 40%
44 Defense
1 - 0% - 60%
2 - 0% - 40%
Last Minute Offensive  - 0:00
Last Minute Defensive  - 0:00
Total
Forward - 60:00
Defense - 60:00

Play by Play

1st period


0:01 of 1st period - Mark Arcobello wins face-off versus David Krejci in neutral zone.
0:18 of 1st period - Slapshot by Erik Condra.
0:18 of 1st period - Stopped by Braden Holtby without a rebound.
0:19 of 1st period - Mark Arcobello wins face-off versus David Krejci in Islanders zone.
1:20 of 1st period - Snap shot by Marian Hossa.
1:20 of 1st period - Shot Misses the Net.
1:24 of 1st period - Snap shot by Joe Pavelski.
1:24 of 1st period - Shot Blocked by Eric Gelinas.
1:26 of 1st period - Wrist shot by Joe Pavelski.
1:26 of 1st period - Shot Blocked by Brett Sutter.
1:44 of 1st period - Slapshot by Frans Nielsen.
1:44 of 1st period - Deflect By Eric Gelinas.
1:44 of 1st period - Stopped by Marc-Andre Fleury with a rebound.
2:10 of 1st period - Slapshot by Luke Adam.
2:10 of 1st period - Stopped by Braden Holtby without a rebound.
2:11 of 1st period - Greg Miller wins face-off versus Paul Gaustad in Islanders zone.
2:24 of 1st period - Wrist shot by Patrik Berglund.
2:24 of 1st period - Stopped by Marc-Andre Fleury without a rebound.
2:25 of 1st period - Paul Gaustad wins face-off versus Greg Miller in Capitals zone.
2:36 of 1st period - Snap shot by Mark Arcobello.
2:36 of 1st period - Stopped by Braden Holtby without a rebound.
2:37 of 1st period - Joe Pavelski wins face-off versus Luke Adam in Islanders zone.
2:44 of 1st period - Wrist shot by Erik Condra.
2:44 of 1st period - Deflect By Luke Adam.
2:44 of 1st period - Shot Blocked by Carl Hagelin.
2:44 of 1st period - Puck is out of play.
2:45 of 1st period - Joe Pavelski wins face-off versus Luke Adam in Islanders zone.
2:54 of 1st period - Wrist shot by Marian Hossa.
2:54 of 1st period - Stopped by Marc-Andre Fleury without a rebound.
2:55 of 1st period - David Dziurzynski wins face-off versus Joe Pavelski in Capitals zone.
3:08 of 1st period - Snap shot by Luke Adam.
3:08 of 1st period - Shot Blocked by Joe Pavelski.
3:10 of 1st period - Snap shot by Mark Cundari.
3:10 of 1st period - Shot Blocked by Rob Scuderi.
3:12 of 1st period - Wrist shot by Luke Adam.
3:12 of 1st period - Shot Misses the Net.
4:08 of 1st period - Snap shot by Brandon Pirri.
4:08 of 1st period - Stopped by Marc-Andre Fleury without a rebound.
4:09 of 1st period - Paul Gaustad wins face-off versus Greg Miller in Capitals zone.
4:29 of 1st period - Wrist shot by Lauri Korpikoski.
4:29 of 1st period - Stopped by Marc-Andre Fleury with a rebound.
4:59 of 1st period - Wrist shot by Erik Condra.
4:59 of 1st period - Shot Blocked by Alexei Emelin.
5:27 of 1st period - Snap shot by Brett Sutter.
5:27 of 1st period - Shot Blocked by Alexei Emelin.
5:39 of 1st period - Snap shot by Eric O'Dell.
5:39 of 1st period - Stopped by Braden Holtby without a rebound.
5:40 of 1st period - David Dziurzynski wins face-off versus Tyler Ennis in Islanders zone.
5:53 of 1st period - Damon Severson is hit by Dustin Brown.
6:05 of 1st period - Slapshot by Erik Karlsson.
6:05 of 1st period - Shot Blocked by Eric Gelinas.
6:11 of 1st period - Wrist shot by Tyler Ennis.
6:11 of 1st period - Shot Blocked by Damon Severson.
6:13 of 1st period - Slapshot by Kevin Klein.
6:13 of 1st period - Stopped by Marc-Andre Fleury with a rebound.
6:15 of 1st period - Snap shot by Frans Nielsen.
6:15 of 1st period - Shot Misses the Net.
6:17 of 1st period - Slapshot by Kevin Klein.
6:17 of 1st period - Shot Misses the Net.
6:33 of 1st period - Mark Arcobello is hit by Erik Karlsson.
6:36 of 1st period - Icing by Mark Cundari.
6:37 of 1st period - David Krejci wins face-off versus Greg Miller in Capitals zone.
6:39 of 1st period - Minor Penalty to Dalton Prout for Holding.
6:40 of 1st period - Eric O'Dell wins face-off versus Paul Gaustad in Islanders zone.
7:27 of 1st period - Mark Arcobello is hit by Alexei Emelin and loses puck.
8:05 of 1st period - Rob Scuderi is hit by Brett Sutter and loses puck.
8:28 of 1st period - Wrist shot by Frans Nielsen.
8:28 of 1st period - Stopped by Marc-Andre Fleury with a rebound.
8:30 of 1st period - Snap shot by Carl Hagelin.
8:30 of 1st period - Shot Blocked by Erik Condra.
8:34 of 1st period - Snap shot by Carl Hagelin.
8:34 of 1st period - Shot Blocked by Damon Severson.
8:38 of 1st period - Wrist shot by Frans Nielsen.
8:38 of 1st period - Deflect By Carl Hagelin.
8:38 of 1st period - Stopped by Marc-Andre Fleury without a rebound.
8:39 of 1st period - Penalty to Dalton Prout is over, Dalton Prout is back on ice.
8:39 of 1st period - David Krejci wins face-off versus Greg Miller in Capitals zone.
8:48 of 1st period - Brandon Pirri is hit by Kevin Henderson.
8:56 of 1st period - Slapshot by Jamie Benn.
8:56 of 1st period - Goal by Jamie Benn - Capitals : 0 - Islanders : 1.
8:57 of 1st period - Eric O'Dell wins face-off versus David Krejci in neutral zone.
9:15 of 1st period - Snap shot by Brandon Pirri.
9:15 of 1st period - Shot Blocked by Mark Cundari.
9:17 of 1st period - Slapshot by Olli Maatta.
9:17 of 1st period - Stopped by Marc-Andre Fleury with a rebound.
9:19 of 1st period - Slapshot by Dalton Prout.
9:19 of 1st period - Shot Misses the Net.
9:21 of 1st period - Slapshot by Dalton Prout.
9:21 of 1st period - Stopped by Marc-Andre Fleury with a rebound.
9:32 of 1st period - Snap shot by Brandon Pirri.
9:32 of 1st period - Shot Misses the Net.
9:34 of 1st period - Slapshot by Dalton Prout.
9:34 of 1st period - Stopped by Marc-Andre Fleury with a rebound.
9:40 of 1st period - Minor Penalty to Eric O'Dell for Interference.
9:41 of 1st period - Joe Pavelski wins face-off versus Erik Condra in Capitals zone.
10:04 of 1st period - Snap shot by Erik Karlsson.
10:04 of 1st period - Shot Blocked by Damon Severson.
10:32 of 1st period - Slapshot by Erik Karlsson.
10:32 of 1st period - Deflect By Jamie Benn.
10:32 of 1st period - Stopped by Marc-Andre Fleury with a rebound.
10:42 of 1st period - Wrist shot by David Krejci.
10:42 of 1st period - Stopped by Marc-Andre Fleury without a rebound.
10:43 of 1st period - David Krejci wins face-off versus Erik Condra in Capitals zone.
11:07 of 1st period - Brett Sutter is hit by Jamie Benn and loses puck.
11:40 of 1st period - Penalty to Eric O'Dell is over, Eric O'Dell is back on ice.
13:03 of 1st period - Dustin Brown is hit by Kyle Cumiskey.
13:31 of 1st period - Wrist shot by Joe Pavelski.
13:31 of 1st period - Stopped by Marc-Andre Fleury with a rebound.
13:33 of 1st period - Slapshot by Carl Hagelin.
13:33 of 1st period - Stopped by Marc-Andre Fleury with a rebound.
13:35 of 1st period - Slapshot by Alexei Emelin.
13:35 of 1st period - Shot Misses the Net.
13:45 of 1st period - Erik Condra is hit by Alexei Emelin and loses puck.
13:52 of 1st period - Snap shot by Lauri Korpikoski.
13:52 of 1st period - Shot Misses the Net.
13:54 of 1st period - Slapshot by Olli Maatta.
13:54 of 1st period - Stopped by Marc-Andre Fleury without a rebound.
13:55 of 1st period - Eric O'Dell wins face-off versus Paul Gaustad in Capitals zone.
14:18 of 1st period - Snap shot by Eric O'Dell.
14:18 of 1st period - Shot Misses the Net.
14:51 of 1st period - Slapshot by Erik Karlsson.
14:51 of 1st period - Stopped by Marc-Andre Fleury without a rebound.
14:52 of 1st period - Frans Nielsen wins face-off versus Greg Miller in Capitals zone.
14:53 of 1st period - Snap shot by Tyler Ennis.
14:53 of 1st period - Stopped by Marc-Andre Fleury with a rebound.
14:55 of 1st period - Slapshot by Kevin Klein.
14:55 of 1st period - Deflect By Mark Arcobello.
14:55 of 1st period - Stopped by Marc-Andre Fleury without a rebound.
14:56 of 1st period - Frans Nielsen wins face-off versus Greg Miller in Capitals zone.
16:42 of 1st period - Wrist shot by Jamie Benn.
16:42 of 1st period - Shot Misses the Net.
16:54 of 1st period - David Krejci is hit by Eric O'Dell and loses puck.
18:33 of 1st period - Kevin Henderson is hit by Alexei Emelin and loses puck.
18:59 of 1st period - Off-side.
19:00 of 1st period - David Krejci wins face-off versus Shawn O'Donnell in neutral zone.
19:48 of 1st period - Snap shot by Lauri Korpikoski.
19:48 of 1st period - Stopped by Marc-Andre Fleury with a rebound.
Goals for this period are 0 for Capitals vs 1 for Islanders.
Shots for this period are 4 for Capitals vs 21 for Islanders.

2nd period


0:01 of 2nd period - Joe Pavelski wins face-off versus Mark Arcobello in neutral zone.
1:32 of 2nd period - Off-side.
1:33 of 2nd period - Frans Nielsen wins face-off versus Eric O'Dell in neutral zone.
2:34 of 2nd period - Slapshot by Erik Karlsson.
2:34 of 2nd period - Shot Blocked by Brad Mills.
2:39 of 2nd period - Slapshot by Erik Karlsson.
2:39 of 2nd period - Stopped by Marc-Andre Fleury with a rebound.
2:41 of 2nd period - Snap shot by Kevin Klein.
2:41 of 2nd period - Deflect By Eric O'Dell.
2:41 of 2nd period - Stopped by Marc-Andre Fleury with a rebound.
2:43 of 2nd period - Wrist shot by Paul Gaustad.
2:43 of 2nd period - Stopped by Marc-Andre Fleury without a rebound.
2:44 of 2nd period - Joe Pavelski wins face-off versus Luke Adam in Capitals zone.
4:12 of 2nd period - Minor Penalty to Mark Cundari for Tripping.
4:13 of 2nd period - Joe Pavelski wins face-off versus Erik Condra in Capitals zone.
4:16 of 2nd period - Snap shot by Joe Pavelski.
4:16 of 2nd period - Stopped by Marc-Andre Fleury without a rebound.
4:17 of 2nd period - Joe Pavelski wins face-off versus Erik Condra in Capitals zone.
4:37 of 2nd period - Slapshot by Erik Karlsson.
4:37 of 2nd period - Shot Misses the Net.
4:39 of 2nd period - Slapshot by Carl Hagelin.
4:39 of 2nd period - Shot Blocked by Mark Arcobello.
4:41 of 2nd period - Snap shot by Erik Karlsson.
4:41 of 2nd period - Stopped by Marc-Andre Fleury with a rebound.
4:43 of 2nd period - Slapshot by Dustin Brown.
4:43 of 2nd period - Stopped by Marc-Andre Fleury with a rebound.
4:45 of 2nd period - Snap shot by Joe Pavelski.
4:45 of 2nd period - Shot Misses the Net.
4:47 of 2nd period - Wrist shot by Erik Karlsson.
4:47 of 2nd period - Deflect By Marian Hossa.
4:47 of 2nd period - Shot Blocked by Erik Condra.
4:47 of 2nd period - Puck is out of play.
4:48 of 2nd period - David Krejci wins face-off versus Erik Condra in Capitals zone.
5:07 of 2nd period - Wrist shot by Jamie Benn.
5:07 of 2nd period - Shot Misses the Net.
6:05 of 2nd period - David Krejci is hit by Eric Gelinas and loses puck.
6:12 of 2nd period - Penalty to Mark Cundari is over, Mark Cundari is back on ice.
6:19 of 2nd period - David Krejci is hit by Eric O'Dell and loses puck.
6:42 of 2nd period - Wrist shot by Patrik Berglund.
6:42 of 2nd period - Shot Misses the Net.
6:44 of 2nd period - Slapshot by Alexei Emelin.
6:44 of 2nd period - Shot Misses the Net.
6:46 of 2nd period - Snap shot by Rob Scuderi.
6:46 of 2nd period - Shot Misses the Net.
6:48 of 2nd period - Wrist shot by Lauri Korpikoski.
6:48 of 2nd period - Goal by Lauri Korpikoski - Capitals : 0 - Islanders : 2.
6:49 of 2nd period - Joe Pavelski wins face-off versus Eric O'Dell in neutral zone.
6:56 of 2nd period - Off-side.
6:57 of 2nd period - Joe Pavelski wins face-off versus Eric O'Dell in neutral zone.
7:55 of 2nd period - Dalton Prout is hit by Kyle Cumiskey and loses puck.
8:19 of 2nd period - Wrist shot by Mark Arcobello.
8:19 of 2nd period - Stopped by Braden Holtby with a rebound.
8:43 of 2nd period - Slapshot by Erik Karlsson.
8:43 of 2nd period - Stopped by Marc-Andre Fleury with a rebound.
8:45 of 2nd period - Slapshot by Kevin Klein.
8:45 of 2nd period - Deflect By Patrik Berglund.
8:45 of 2nd period - Shot Misses the Net.
8:45 of 2nd period - Puck is out of play.
8:46 of 2nd period - Eric O'Dell wins face-off versus David Krejci in Capitals zone.
8:51 of 2nd period - Kevin Klein is hit by Brad Mills and loses puck.
9:00 of 2nd period - Snap shot by Eric O'Dell.
9:00 of 2nd period - Stopped by Braden Holtby without a rebound.
9:01 of 2nd period - David Krejci wins face-off versus Eric O'Dell in Islanders zone.
11:13 of 2nd period - Eric O'Dell is hit by Paul Gaustad and loses puck.
11:22 of 2nd period - Eric O'Dell is hit by Lauri Korpikoski and loses puck.
12:16 of 2nd period - Icing by Kyle Cumiskey.
12:17 of 2nd period - Greg Miller wins face-off versus Joe Pavelski in Capitals zone.
13:02 of 2nd period - Wrist shot by Tyler Ennis.
13:02 of 2nd period - Stopped by Marc-Andre Fleury with a rebound.
13:04 of 2nd period - Slapshot by Alexei Emelin.
13:04 of 2nd period - Shot Blocked by Damon Severson.
13:30 of 2nd period - Icing by Alexei Emelin.
13:31 of 2nd period - Tyler Ennis wins face-off versus Greg Miller in Islanders zone.
13:39 of 2nd period - Minor Penalty to Alexei Emelin for Holding.
13:40 of 2nd period - Paul Gaustad wins face-off versus Mark Arcobello in Islanders zone.
13:54 of 2nd period - Snap shot by Mark Arcobello.
13:54 of 2nd period - Shot Misses the Net.
13:56 of 2nd period - Snap shot by Erik Condra.
13:56 of 2nd period - Shot Misses the Net.
13:58 of 2nd period - Wrist shot by Mark Arcobello.
13:58 of 2nd period - Shot Blocked by Kevin Klein.
14:09 of 2nd period - Icing by Eric Gelinas.
14:10 of 2nd period - Paul Gaustad wins face-off versus Eric O'Dell in Capitals zone.
14:31 of 2nd period - Slapshot by Olli Maatta.
14:31 of 2nd period - Shot Misses the Net.
14:51 of 2nd period - Snap shot by Chad LaRose.
14:51 of 2nd period - Stopped by Braden Holtby with a rebound.
14:53 of 2nd period - Wrist shot by Erik Condra.
14:53 of 2nd period - Shot Misses the Net.
14:55 of 2nd period - Slapshot by Erik Condra.
14:55 of 2nd period - Shot Misses the Net.
14:57 of 2nd period - Snap shot by Erik Condra.
14:57 of 2nd period - Shot Misses the Net.
14:59 of 2nd period - Slapshot by Philip Samuelsson.
14:59 of 2nd period - Shot Misses the Net.
15:38 of 2nd period - Shawn O'Donnell is hit by Olli Maatta.
15:39 of 2nd period - Penalty to Alexei Emelin is over, Alexei Emelin is back on ice.
16:31 of 2nd period - Snap shot by Jamie Benn.
16:31 of 2nd period - Shot Misses the Net.
16:33 of 2nd period - Slapshot by Olli Maatta.
16:33 of 2nd period - Shot Misses the Net.
16:35 of 2nd period - Snap shot by Olli Maatta.
16:35 of 2nd period - Stopped by Marc-Andre Fleury with a rebound.
16:37 of 2nd period - Slapshot by Olli Maatta.
16:37 of 2nd period - Deflect By Jamie Benn.
16:37 of 2nd period - Stopped by Marc-Andre Fleury without a rebound.
16:38 of 2nd period - Marian Hossa wins face-off versus Luke Adam in Capitals zone.
17:41 of 2nd period - Minor Penalty to Eric O'Dell for High sticking.
17:42 of 2nd period - David Krejci wins face-off versus David Dziurzynski in Capitals zone.
17:55 of 2nd period - Snap shot by Brandon Pirri.
17:55 of 2nd period - Shot Misses the Net.
17:57 of 2nd period - Slapshot by Erik Karlsson.
17:57 of 2nd period - Deflect By Jamie Benn.
17:57 of 2nd period - Islanders goal is going for a video replay.
17:57 of 2nd period - The goal is refused. The puck has been directed, batted or thrown into the net by an attacking player other than with a stick..
17:58 of 2nd period - David Krejci wins face-off versus Erik Condra in Capitals zone.
18:01 of 2nd period - Slapshot by Erik Karlsson.
18:01 of 2nd period - Deflect By Jamie Benn.
18:01 of 2nd period - Shot Misses the Net.
18:01 of 2nd period - Puck is out of play.
18:02 of 2nd period - David Dziurzynski wins face-off versus David Krejci in Capitals zone.
18:45 of 2nd period - Slapshot by Erik Karlsson.
18:45 of 2nd period - Shot Misses the Net.
18:53 of 2nd period - Wrist shot by Joe Pavelski.
18:53 of 2nd period - Stopped by Marc-Andre Fleury without a rebound.
18:54 of 2nd period - Joe Pavelski wins face-off versus David Dziurzynski in Capitals zone.
19:05 of 2nd period - Slapshot by Erik Karlsson.
19:05 of 2nd period - Shot Misses the Net.
19:07 of 2nd period - Snap shot by Dustin Brown.
19:07 of 2nd period - Deflect By Joe Pavelski.
19:07 of 2nd period - Stopped by Marc-Andre Fleury with a rebound.
19:09 of 2nd period - Snap shot by Carl Hagelin.
19:09 of 2nd period - Stopped by Marc-Andre Fleury without a rebound.
19:10 of 2nd period - Jamie Benn wins face-off versus Erik Condra in Capitals zone.
19:17 of 2nd period - Snap shot by Jamie Benn.
19:17 of 2nd period - Shot Misses the Net.
19:41 of 2nd period - Penalty to Eric O'Dell is over, Eric O'Dell is back on ice.
19:45 of 2nd period - Brett Sutter is hit by Joe Pavelski and loses puck.
19:58 of 2nd period - Marian Hossa is hit by Eric O'Dell and loses puck.
Goals for this period are 0 for Capitals vs 1 for Islanders.
Shots for this period are 3 for Capitals vs 15 for Islanders.

3rd period


0:01 of 3rd period - David Krejci wins face-off versus Mark Arcobello in neutral zone.
0:24 of 3rd period - Slapshot by Erik Karlsson.
0:24 of 3rd period - Shot Misses the Net.
0:26 of 3rd period - Slapshot by Erik Karlsson.
0:26 of 3rd period - Shot Misses the Net.
1:51 of 3rd period - Alexei Emelin and Brett Sutter fight to a draw.
1:51 of 3rd period - Penalty to Alexei Emelin for Fighting.
1:51 of 3rd period - Penalty to Brett Sutter for Fighting.
1:52 of 3rd period - David Krejci wins face-off versus Eric O'Dell in Capitals zone.
2:18 of 3rd period - Snap shot by Eric O'Dell.
2:18 of 3rd period - Shot Blocked by Kevin Klein.
2:26 of 3rd period - Wrist shot by Eric O'Dell.
2:26 of 3rd period - Shot Misses the Net.
2:28 of 3rd period - Slapshot by Mark Cundari.
2:28 of 3rd period - Stopped by Braden Holtby with a rebound.
2:44 of 3rd period - Kevin Klein is hit by Mark Cundari and loses puck.
2:51 of 3rd period - Erik Condra is hit by Erik Karlsson and loses puck.
3:12 of 3rd period - Snap shot by Joe Pavelski.
3:12 of 3rd period - Deflect By Marian Hossa.
3:12 of 3rd period - Shot Misses the Net.
3:12 of 3rd period - Puck is out of play.
3:13 of 3rd period - Frans Nielsen wins face-off versus Kevin Henderson in Capitals zone.
3:17 of 3rd period - Minor Penalty to Greg Miller for Holding.
3:18 of 3rd period - David Krejci wins face-off versus Erik Condra in Capitals zone.
3:36 of 3rd period - Off-side.
3:37 of 3rd period - David Krejci wins face-off versus Erik Condra in neutral zone.
3:39 of 3rd period - Minor Penalty to Eric Gelinas for Roughing.
3:40 of 3rd period - Erik Condra wins face-off versus David Krejci in Capitals zone.
3:44 of 3rd period - Snap shot by Damon Severson.
3:44 of 3rd period - Shot Blocked by Erik Karlsson.
4:00 of 3rd period - Slapshot by Erik Karlsson.
4:00 of 3rd period - Shot Misses the Net.
4:36 of 3rd period - Snap shot by Erik Karlsson.
4:36 of 3rd period - Deflect By Joe Pavelski.
4:36 of 3rd period - Shot Misses the Net.
4:36 of 3rd period - Puck is out of play.
4:37 of 3rd period - Joe Pavelski wins face-off versus David Dziurzynski in Capitals zone.
4:44 of 3rd period - Snap shot by Joe Pavelski.
4:44 of 3rd period - Goal by Joe Pavelski - Capitals : 0 - Islanders : 3.
4:45 of 3rd period - David Krejci wins face-off versus Erik Condra in neutral zone.
5:35 of 3rd period - Maxim Noreau is hit by Marian Hossa and loses puck.
5:39 of 3rd period - Penalty to Eric Gelinas is over, Eric Gelinas is back on ice.
5:56 of 3rd period - Eric Gelinas is hit by Carl Hagelin.
6:50 of 3rd period - Olli Maatta is hit by Shawn O'Donnell and loses puck.
7:05 of 3rd period - Snap shot by Eric O'Dell.
7:05 of 3rd period - Shot Blocked by Olli Maatta.
7:37 of 3rd period - Wrist shot by Frans Nielsen.
7:37 of 3rd period - Stopped by Marc-Andre Fleury with a rebound.
8:28 of 3rd period - Slapshot by Maxim Noreau.
8:28 of 3rd period - Shot Misses the Net.
8:30 of 3rd period - Snap shot by Brett Sutter.
8:30 of 3rd period - Deflect By Eric O'Dell.
8:30 of 3rd period - Deflect By Olli Maatta.
8:30 of 3rd period - Shot Misses the Net.
8:30 of 3rd period - Puck is out of play.
8:31 of 3rd period - Joe Pavelski wins face-off versus Eric O'Dell in Islanders zone.
8:40 of 3rd period - Slapshot by Joe Pavelski.
8:40 of 3rd period - Stopped by Marc-Andre Fleury without a rebound.
8:41 of 3rd period - Joe Pavelski wins face-off versus Mark Arcobello in Capitals zone.
9:22 of 3rd period - Damon Severson is hit by Alexei Emelin and loses puck.
9:23 of 3rd period - Damon Severson from Capitals is injured at 9:23 of 3rd period (Lower Body).
9:24 of 3rd period - David Krejci wins face-off versus Mark Arcobello in Capitals zone.
9:43 of 3rd period - Slapshot by Erik Karlsson.
9:43 of 3rd period - Stopped by Marc-Andre Fleury with a rebound.
9:45 of 3rd period - Wrist shot by David Krejci.
9:45 of 3rd period - Stopped by Marc-Andre Fleury without a rebound.
9:46 of 3rd period - Frans Nielsen wins face-off versus Eric O'Dell in Capitals zone.
10:43 of 3rd period - Erik Condra is hit by Jamie Benn and loses puck.
11:02 of 3rd period - Snap shot by Jamie Benn.
11:02 of 3rd period - Shot Misses the Net.
11:04 of 3rd period - Snap shot by Jamie Benn.
11:04 of 3rd period - Shot Blocked by Mark Arcobello.
11:36 of 3rd period - Snap shot by Joe Pavelski.
11:36 of 3rd period - Shot Misses the Net.
12:08 of 3rd period - Patrik Berglund is hit by Mark Arcobello.
12:24 of 3rd period - Snap shot by Eric O'Dell.
12:24 of 3rd period - Shot Misses the Net.
12:26 of 3rd period - Snap shot by Brett Sutter.
12:26 of 3rd period - Shot Misses the Net.
12:28 of 3rd period - Slapshot by Maxim Noreau.
12:28 of 3rd period - Deflect By Patrik Berglund.
12:28 of 3rd period - Stopped by Braden Holtby with a rebound.
12:30 of 3rd period - Wrist shot by Brett Sutter.
12:30 of 3rd period - Shot Blocked by Alexei Emelin.
12:32 of 3rd period - Snap shot by Brad Mills.
12:32 of 3rd period - Shot Misses the Net.
12:34 of 3rd period - Snap shot by Kyle Cumiskey.
12:34 of 3rd period - Stopped by Braden Holtby with a rebound.
12:50 of 3rd period - Slapshot by Eric Gelinas.
12:50 of 3rd period - Shot Blocked by Rob Scuderi.
12:52 of 3rd period - Wrist shot by Erik Condra.
12:52 of 3rd period - Goal by Erik Condra - Capitals : 1 - Islanders : 3.
12:53 of 3rd period - Greg Miller wins face-off versus Jamie Benn in neutral zone.
13:37 of 3rd period - Minor Penalty to Mark Cundari for Holding.
13:38 of 3rd period - Joe Pavelski wins face-off versus Erik Condra in Capitals zone.
13:49 of 3rd period - Slapshot by Marian Hossa.
13:49 of 3rd period - Stopped by Marc-Andre Fleury with a rebound.
14:26 of 3rd period - Icing by Jamie Benn.
14:27 of 3rd period - David Krejci wins face-off versus Eric O'Dell in Islanders zone.
15:32 of 3rd period - Eric O'Dell is hit by Erik Karlsson and loses puck.
15:37 of 3rd period - Penalty to Mark Cundari is over, Mark Cundari is back on ice.
15:37 of 3rd period - Wrist shot by Jamie Benn.
15:37 of 3rd period - Goal by Jamie Benn - Capitals : 1 - Islanders : 4.
15:38 of 3rd period - Patrik Berglund wins face-off versus Eric O'Dell in neutral zone.
15:51 of 3rd period - Slapshot by Eric Gelinas.
15:51 of 3rd period - Shot Blocked by Paul Gaustad.
16:30 of 3rd period - Wrist shot by Greg Miller.
16:30 of 3rd period - Deflect By Mark Arcobello.
16:30 of 3rd period - Shot Blocked by Olli Maatta.
16:30 of 3rd period - Puck is out of play.
16:31 of 3rd period - Greg Miller wins face-off versus Frans Nielsen in Islanders zone.
16:37 of 3rd period - Icing by Alexei Emelin.
16:38 of 3rd period - Greg Miller wins face-off versus Frans Nielsen in Islanders zone.
17:32 of 3rd period - Minor Penalty to Brandon Pirri for Interference.
17:33 of 3rd period - Eric O'Dell wins face-off versus Paul Gaustad in Islanders zone.
17:33 of 3rd period - Slapshot by Eric Gelinas.
17:33 of 3rd period - Deflect By Eric O'Dell.
17:33 of 3rd period - Stopped by Braden Holtby with a rebound.
17:51 of 3rd period - Slapshot by Eric Gelinas.
17:51 of 3rd period - Shot Blocked by Rob Scuderi.
18:05 of 3rd period - Slapshot by Eric Gelinas.
18:05 of 3rd period - Goal by Eric Gelinas - Capitals : 2 - Islanders : 4.
18:06 of 3rd period - Luke Adam wins face-off versus David Krejci in neutral zone.
18:14 of 3rd period - Slapshot by Eric Gelinas.
18:14 of 3rd period - Stopped by Braden Holtby with a rebound.
18:16 of 3rd period - Snap shot by Erik Condra.
18:16 of 3rd period - Shot Misses the Net.
18:18 of 3rd period - Slapshot by Eric Gelinas.
18:18 of 3rd period - Stopped by Braden Holtby with a rebound.
18:20 of 3rd period - Wrist shot by Eric Gelinas.
18:20 of 3rd period - Deflect By Erik Karlsson.
18:20 of 3rd period - Stopped by Braden Holtby with a rebound.
18:22 of 3rd period - Snap shot by Erik Condra.
18:22 of 3rd period - Shot Misses the Net.
18:24 of 3rd period - Slapshot by Eric Gelinas.
18:24 of 3rd period - Stopped by Braden Holtby with a rebound.
18:26 of 3rd period - Slapshot by Luke Adam.
18:26 of 3rd period - Shot Misses the Net.
18:52 of 3rd period - Jamie Benn is hit by Brett Sutter.
19:08 of 3rd period - Marian Hossa is hit by Eric Gelinas and loses puck.
19:27 of 3rd period - Slapshot by Marian Hossa.
19:27 of 3rd period - Shot Blocked by Philip Samuelsson.
19:51 of 3rd period - Wrist shot by Erik Condra.
19:51 of 3rd period - Shot Misses the Net.
19:53 of 3rd period - Slapshot by Mark Cundari.
19:53 of 3rd period - Stopped by Braden Holtby with a rebound.
Goals for this period are 2 for Capitals vs 2 for Islanders.
Shots for this period are 11 for Capitals vs 7 for Islanders.